cohdb
Replays
Latest Replays
All Replays
Popular Replays
Top Player Replays
Match Explorer
How It Works
Community
CoH3 Stats
Reddit
Sign in to upload your games and track your stats! →
Sign in with Steam
Match 40595826
Unlisted
Match 40595826
Overview
Messages
Build Orders
End
Royal Engineer Section
Construct Section Command Post
Dingo Light Scout Car
Infantry Section
Infantry Section
Vickers Machine Gun Team
Construct Platoon Command Post
6-pounder Anti-tank Gun Team
Construct Company Command Post
Unlock M3 Grant Medium Tanks
Forward Retreat Point
M3 Grant Medium Tank
Armored Vehicle Training
CMP 15cwt Truck
M3 Grant Medium Tank
Infantry Training
Ani Nega Gojarane!
와 시바 아이디 또해킹당했노
yxwyat
wing
JD89
Buck Spaceman
Unsafe
St. George Floyd
0
0
Comments
sign in to comment!
No comments posted yet!